 Dungeon Crawl Stone Soup version 0.30-a0-368-g86fb4627a9 (webtiles) character file.

Game seed: 15387193857602416909

716 oldriver the Magician (level 7, -2/56 HPs)
             Began as a Mummy Necromancer on Nov 19, 2022.
             Was an Initiate of Hepliaklqana.
             Slain by an iguana (9 damage)
             ... on level 5 of the Dungeon.
             The game lasted 00:05:25 (3933 turns).

oldriver the Magician (Mummy Necromancer)           Turns: 3933, Time: 00:05:25

Health: -2/56      AC:  4    Str: 11    XL:     7   Next: 41%
Magic:  4/17       EV: 12    Int: 17    God:    Hepliaklqana [......]
Gold:   262        SH:  0    Dex: 12    Spells: 12/20 levels left

rFire   x . .      SeeInvis .    c - +2 dagger (freeze)
rCold   + . .      Faith    +    (no shield)
rNeg    + + +      Spirit   .    a - +0 robe
rPois   ∞          Reflect  .    (no helmet)
rElec   .          Harm     .    h - +0 cloak
rCorr   .          Rampage  .    f - +0 pair of gloves
Will    .....                    (no boots)
Stlth   ++........               (no amulet)
HPRegen 0.29/turn                (no ring)
MPRegen 0.15/turn                (no ring)

@: no status effects
A: cold resistance 1, negative energy resistance 3, torment resistance 2, heat
vulnerability 1, in touch with death 1, no potions, faith
a: Renounce Religion


You were on level 5 of the Dungeon.
You worshipped Hepliaklqana.
Hepliaklqana was noncommittal.
You visited 1 branch of the dungeon, and saw 5 of its levels.

You collected 262 gold pieces.

Inventory:

Hand Weapons
 c - a +2 dagger of freezing (weapon)
Armour
 a - a +0 robe (worn)
 f - a +0 pair of gloves (worn)
 h - a +0 cloak (worn)
Jewellery
 k - a +4 ring of protection
Scrolls
 b - 4 scrolls of teleportation {unknown}
 d - 7 scrolls of identify {unknown}
 e - 2 scrolls of fear {unknown}
 g - a scroll of silence {unknown}
 i - a scroll of noise {unknown}
 j - a scroll of butterflies {unknown}
 l - 2 scrolls of magic mapping {unknown}
 m - a scroll of brand weapon {unknown}
 n - a scroll of amnesia {unknown}
 o - a scroll of blinking {unknown}


   Skills:
 + Level 5.6 Fighting
 - Level 1.5 Dodging
 - Level 1.5 Stealth
 + Level 7.4 Spellcasting
 - Level 4.0 Necromancy


You had 12 spell levels left.
You knew the following spells:

 Your Spells              Type           Power      Damage    Failure   Level
a - Necrotise             Necr           100%       1d9       2%          1
b - Vampiric Draining     Necr           29%        2d8       6%          3
c - Animate Dead          Necr           29%        N/A       22%         4

Your spell library contained the following spells:

 Spells                   Type           Power      Damage    Failure   Level
 Sting                    Tmut/Pois      24%        1d4       11%         1
 Poisonous Vapours        Pois/Air       12%        N/A       17%         2
 Agony                    Necr           29%        N/A       52%         5
 Manifold Assault         Tloc           6%         N/A       73%         4
 Olgreb's Toxic Radiance  Pois           6%         N/A       73%         4
 Dispersal                Tloc           3%         N/A       100%        6
 Disjunction              Tloc           3%         N/A       100%        8


Dungeon Overview and Level Annotations

Branches:
Dungeon (5/15)
 Temple: D:4-7

Altars:
Fedhas
Hepliaklqana
Okawaru
Sif Muna

Annotations:
D:2 1 runed translucent door, Crazy Yiuf
D:3 2 transporters, purpskrrrp's ghost, amateur TrFi


Innate Abilities, Weirdness & Mutations

You are immune to poison.
Your flesh is cold resistant. (rC+)
You are immune to negative energy. (rN+++)
You are immune to unholy pain and torment.
You are vulnerable to heat. (rF-)
You are in touch with the powers of death.
You do not drink.
You have a special connection with the divine. (Faith)


Message History

The orc priest invokes the aid of Beogh against you.
Beogh smites you!
* * * LOW HITPOINT WARNING * * *
There is an open door here.
The adder attacks as you move away! The adder closely misses you.
The adder bites you but does no damage.
There is an open door here.
The adder attacks as you move away! The adder barely misses you. x2
The adder attacks as you move away! The adder barely misses you.
Your magical contamination has completely faded away.
The adder attacks as you move away! The adder barely misses you.
The orc priest invokes the aid of Beogh against you.
Beogh smites you!
* * * LOW HITPOINT WARNING * * *
The adder bites you but does no damage.
Okay, then.
The adder attacks as you move away! The adder misses you. The adder bites you.
* * * LOW HITPOINT WARNING * * *
The adder attacks as you move away! The adder bites you but does no damage.
You see here a necrophage corpse.
Casting: Vampiric Draining (dangerous; 6% risk of failure)
Confirm with . or Enter, or press ? or * to list all spells.
Aiming: Vampiric Draining (dangerous; 6% risk of failure)
Press: ? - help, Shift-Dir - straight line, f - adder
Aim: an adder You feel a surge of power!
You draw life force from the adder!
You feel life coursing into your body. The adder barely misses you. x2
Casting: Vampiric Draining (dangerous; 6% risk of failure)
Confirm with . or Enter, or press ? or * to list all spells.
Aiming: Vampiric Draining (dangerous; 6% risk of failure)
Press: ? - help, Shift-Dir - straight line, f/p - adder
Aim: an adder (almost dead)
You feel a surge of power!
You draw life force from the adder!
You kill the adder!
You feel life coursing into your body. The iguana attacks as you move away!
The iguana bites you.
* * * LOW HITPOINT WARNING * * *
The iguana bites you!
You die...

.!..# #...##.......♣ #####
###..#....# ##o>.#### ##†##
#####.# #.....# #.....###
#.....l.# #.....#@# ###.....#.###
####...........# #.
#####....^.##)##.#.#### #.
.................#.##<# #.##
.≈.≈≈≈.≈≈§§≈..##.#.##)# #..#
.≈...≈.≈...≈..##....#.###..#
.≈≈§.≈.≈.≈§≈..##.#..#......#
...≈.§.≈.≈...###......###..######


You could see an iguana.

Vanquished Creatures
  A black bear (D:5)
  Blork the orc (D:4)
  3 necrophages (D:5)
  A bullfrog (D:5)
  2 howler monkeys
  A jelly (D:5)
  An iguana (D:5)
  Natasha (twice) (D:4)
  7 adders
  A worm (D:2)
  2 dart slugs (D:2)
  7 orcs
  4 ball pythons
  2 endoplasms
  5 giant cockroaches
  9 goblins
  2 hobgoblins (D:2)
  3 jackals (D:2)
  3 quokkas
  2 bats
  3 frilled lizards
  4 kobolds
  3 rats
69 creatures vanquished.

Vanquished Creatures (collateral kills)
  An endoplasm (D:2)
  A rat (D:1)
2 creatures vanquished.

Vanquished Creatures (others)
  A fungus (D:2)
1 creature vanquished.

Grand Total: 72 creatures vanquished

Notes
Turn   | Place    | Note
-------+----------+-------------------------------------------
     0 | D:1      | oldriver the Mummy Necromancer began the quest for the Orb.
     0 | D:1      | Reached XP level 1. HP: 13/13 MP: 4/4
   123 | D:1      | Reached skill level 3 in Spellcasting
   124 | D:1      | Reached skill level 1 in Fighting
   150 | D:1      | Reached XP level 2. HP: 21/21 MP: 0/6
   807 | D:2      | Gained mutation: You are in touch with the powers of death.
                  | [Mummy growth]
   807 | D:2      | Reached XP level 3. HP: 27/27 MP: 4/8
  1096 | D:2      | You fall into a shaft and drop 1 floor!
  1124 | D:3      | Found a transporter.
  1156 | D:3      | Reached skill level 4 in Spellcasting
  1240 | D:3      | Noticed purpskrrrp's ghost (amateur TrFi)
  1244 | D:3      | Found a transporter.
  1257 | D:3      | Identified the +0 ring mail of Ojiato {Harm}
  1276 | D:3      | Found a blossoming altar of Fedhas.
  1564 | D:2      | Reached XP level 4. HP: 34/34 MP: 1/10
  2075 | D:2      | Found a runed translucent door.
  2076 | D:2      | Noticed Crazy Yiuf
  2524 | D:3      | Found a shimmering blue altar of Sif Muna.
  2711 | D:4      | Reached XP level 5. HP: 38/41 MP: 7/12
  2802 | D:4      | Reached skill level 5 in Spellcasting
  2810 | D:4      | Noticed Natasha
  2817 | D:4      | Killed Natasha
  2819 | D:4      | Noticed Blork the orc
  3069 | D:4      | Noticed Natasha
  3076 | D:4      | Killed Natasha
  3148 | D:4      | Killed Blork the orc
  3149 | D:4      | Reached XP level 6. HP: 41/48 MP: 8/14
  3155 | D:4      | Learned a level 3 spell: Vampiric Draining
  3160 | D:4      | Learned a level 4 spell: Animate Dead
  3279 | D:5      | Entered Level 5 of the Dungeon
  3307 | D:5      | Reached skill level 6 in Spellcasting
  3420 | D:5      | Found an iron altar of Okawaru.
  3427 | D:5      | Found a hazy altar of Hepliaklqana.
  3497 | D:5      | Reached skill level 5 in Fighting
  3645 | D:5      | Reached skill level 7 in Spellcasting
  3645 | D:5      | Reached XP level 7. HP: 56/56 MP: 6/17
  3678 | D:5      | Became a worshipper of Hepliaklqana the Forgotten
  3933 | D:5      | Slain by an iguana

Illustrated notes

Levels and vault maps discovered:
D:1:      lightli_arrival_flooded_house, layout_rooms
D:2:      layout_basic, uniq_crazy_yiuf_cottage
D:3:      layout_rooms, mainiacjoe_overflow_small_starburst,
          amethyst_overflow_temple_binary, gammafunk_ghost_arena
D:4:      layout_basic, minivault_1, uniq_blork_the_orc, uniq_natasha
D:5:      layout_basic, eat_drink_and_be_merry_uskayaw,
          mainiacjoe_overflow_large_starburst,
          minmay_temple_entry_statues_fountains, serial_shops,
          nicolae_shop_advertising_works [nicolae_subvault_shop_adworks],
          serial_bayou_lagoon_b

Skill      XL: |  1  2  3  4  5  6 |
---------------+-------------------+-----
Spellcasting   | 3 4 5 7 |  7.4
Fighting       | 1 2 3 4 5 |  5.6
Dodging        | |  1.5
Stealth        | |  1.5
Necromancy     | |  4.0

Action                   |  1- 3 |  4- 6 |  7- 9 || total
-------------------------+-------+-------+-------++-------
Melee: Dagger            |     3 |    50 |    16 ||    69
       Punch             |       |     1 |     1 ||     2
 Cast: Necrotise         |    76 |    66 |    11 ||   153
       Vampiric Draining |       |     4 |     3 ||     7
Armor: Robe              |     3 |    11 |     6 ||    20
Dodge: Dodged            |    15 |    35 |    19 ||    69

Table legend: (Time is in decaauts)
 A = Elapsed time spent in this place.
 B = Non-inter-level travel time spent in this place.
 C = Inter-level travel time spent in this place.
 D = Time resting spent in this place.
 E = Time spent auto-exploring this place.
 F = Levels seen in this place.
 G = Mean time per level.
                   A        B        C        D        E       F      G
               +--------+--------+--------+--------+--------+-----+--------+
         Total |   3937 |   3764 |    173 |     97 |   3051 |   5 |  787.4 |
       Dungeon |   3937 |   3764 |    173 |     97 |   3051 |   5 |  787.4 |
               +--------+--------+--------+--------+--------+-----+--------+

Top non-repeatable levels by time:
     D:2: 1255 daAuts
     D:3: 755 daAuts
     D:5: 653 daAuts
     D:1: 640 daAuts
     D:4: 633 daAuts
